 Dungeon Crawl Stone Soup version 0.30.0-29-ga12c61a403 (webtiles) character file.

Game seed: 10576725819051331366

103 monsoonserge the Conjurer (level 4, -14/34 HPs)
             Began as a Draconian Conjurer on June 6, 2023.
             Was an Initiate of Vehumet.
             Demolished by an orc wizard
             ... wielding a +2 dagger of electrocution
              (20 damage)
             ... on level 3 of the Dungeon.
             The game lasted 00:06:38 (1885 turns).

monsoonserge the Conjurer (Draconian Conjurer)      Turns: 1885, Time: 00:06:39

Health: -14/34     AC:  5    Str:  9    XL:     4   Next: 51%
Magic:  6/7        EV: 12    Int: 21    God:    Vehumet [......]
Gold:   207        SH:  0    Dex:  9    Spells: 4/7 levels left

rFire   . . .        l - +0 lajatang
rCold   . . .        (shield currently unavailable)
rNeg    . . .        (body armour unavailable)
rPois   .            (helmet restricted)
rElec   .            (no cloak)
rCorr   .            (no gloves)
SInv    .            (no boots)
Will    .....        (no amulet)
Stlth   +            f - ring of wizardry
HPRegen 0.25/turn    (no ring)
MPRegen 0.10/turn

%: wizardry (x1)
@: confused
A: AC +5, unfitting armour, cold-blooded
a: Renounce Religion


You were on level 3 of the Dungeon.
You worshipped Vehumet.
Vehumet was noncommittal.
You visited 1 branch of the dungeon, and saw 3 of its levels.

You collected 207 gold pieces.

Inventory:

Hand Weapons
 g - a +0 mace
 l - a +0 lajatang (weapon)
 o - a +1 dagger of speed
Missiles
 d - 4 boomerangs of dispersal
Jewellery
 f - a ring of wizardry (left hand)
Wands
 p - a wand of quicksilver (10)
Scrolls
 b - 2 scrolls of identify {unknown}
 e - 2 scrolls of enchant weapon {unknown}
 i - a scroll of teleportation {unknown}
 j - a scroll of immolation {unknown}
 k - 2 scrolls of noise {unknown}
 m - a scroll of magic mapping {unknown}
 n - a scroll of blinking {unknown}
 q - a scroll of fog {unknown}
Potions
 a - a potion of magic
 c - 3 potions of curing {unknown}
 h - 2 potions of lignification {unknown}


   Skills:
 + Level 0.3 Fighting
 + Level 1.0 Maces & Flails
 + Level 0.1(0.5) Staves
 + Level 2.3 Dodging
 - Level 2.0 Stealth
 * Level 2.4 Spellcasting
 + Level 5.1 Conjurations


You had 4 spell levels left.
You knew the following spells:

 Your Spells              Type           Power      Damage    Failure   Level
a - Magic Dart            Conj           96%        1d7       1%          1
b - Searing Ray           Conj           48%        2d6       1%          2

Your spell library contained the following spells:

 Spells                   Type           Power      Damage    Failure   Level
 Dazzling Flash           Conj/Hex       26%        N/A       6%          3
 Fulminant Prism          Conj/Hex       6%         3d7       19%         4
 Iskenderun's Mystic Bla  Conj/Tloc      13%        2d5       19%         4


Dungeon Overview and Level Annotations

Branches:
Dungeon (3/15)

Altars:
Vehumet


Innate Abilities, Weirdness & Mutations

Your plain brown scales are hard. (AC +5)
You cannot fit into any form of body armour.
You are cold-blooded and may be slowed by cold attacks.


Message History

An orc wizard comes into view. It is wielding a +0 dagger.
The orc wizard casts a spell.
The orc wizard flickers and vanishes!
Deactivating autopickup; reactivate with Ctrl-A.
The giant cockroach bites you but does no damage.
You slash the giant cockroach!
You kill the giant cockroach!
Vehumet accepts your kill. The bat completely misses you.
Your Maces & Flails skill increases to level 1!
Casting: Searing Ray (safe; 1% risk of failure)
Confirm with . or Enter, or press ? or * to list all spells.
Aiming: Searing Ray (safe; 1% risk of failure)
Press: ? - help, Shift-Dir - straight line, f - orc
Aim: an orc, wielding a +0 short sword (79% to hit)
Okay, then.
The bat hits you but does no damage. The bat hits you but does no damage.
You slash something! The bat closely misses you. x2
A rat comes into view.
Something hits you. x2; The orc hits you with a +0 flail.
A kobold comes into view. It is wielding a +0 dagger.
A hobgoblin comes into view.
You miss something. The bat closely misses you. The orc barely misses you.
You hear some strange, mumbled words.
You are confused.
The hobgoblin shouts!
You bump into the rock wall.
The bat hits you but does no damage. Something hits you but does no damage.
The bat closely misses you.
You bump into the rock wall.
The bat barely misses you. Something hits you.
You are electrocuted!
The bat hits you but does no damage.
You're too confused to move!
The bat closely misses you.
The orc wizard points at you and mumbles some strange words.
The magic dart hits you.
* * * LOW HITPOINT WARNING * * *
Something hits you.
* * * LOW HITPOINT WARNING * * *
You are electrocuted!!
Ouch! That really hurt!
You die...

#.#.#.#.##....##.
#........#..#.##.
#.............##. #
#...)........###. # #.
#.............†.. #r #.
#..............##
###.#.# #..............#
.......##..........†...#
...o..o#@b.########....#
#oo{#g# ####.#
#....J###r.# #.# #...#
.## #.# +.. .. #.# . #.#
#######.## .. ..........
..# ########.# ..# #<#


You could see an orc wizard, an orc, an endoplasm, a hobgoblin, a bat and a rat.

Vanquished Creatures
  A hound (D:3)
  2 adders (D:2)
  An ufetubus (D:2)
  A dart slug (D:1)
  4 bats
  6 endoplasms
  3 giant cockroaches
  6 hobgoblins
  4 quokkas
  2 ball pythons
  3 frilled lizards (D:1)
  10 kobolds
  4 rats
47 creatures vanquished.

Notes
Turn   | Place    | Note
-------+----------+-------------------------------------------
     0 | D:1      | monsoonserge the Draconian Conjurer began the quest for the
                  | Orb.
     0 | D:1      | Reached XP level 1. HP: 14/14 MP: 3/3
   131 | D:1      | Reached XP level 2. HP: 19/20 MP: 1/5
   136 | D:1      | Learned a level 2 spell: Searing Ray
   678 | D:2      | Found a faded altar of an unknown god.
   707 | D:2      | Reached XP level 3. HP: 25/26 MP: 1/6
  1258 | D:2      | Found a radiant altar of Vehumet.
  1270 | D:2      | Became a worshipper of Vehumet
  1352 | D:2      | Reached skill level 5 in Conjurations
  1737 | D:2      | Reached XP level 4. HP: 12/33 MP: 0/7
  1879 | D:3      | Reached skill level 1 in Maces & Flails
  1885 | D:3      | Demolished by an orc wizard

Illustrated notes

Levels and vault maps discovered:
D:1:      saegor_arrival_simple_c, layout_rooms, minmay_gold_behind_fungi,
          hangedman_abyss_or_decor_lesser_grid
D:2:      layout_basic, basic_altar, chequers_ecumenical_altar_twisty,
          chequers_serial_rivers_small_b, chequers_jeans, grunt_ministairs_13,
          kennysheep_generic_room_7
D:3:      layout_loops_cross, st_stairs_4, kennysheep_cluttered_room,
          minmay_fractal_squares_diagonal_5, uniq_crazy_yiuf_cottage

Skill      XL: |  1  2  3  4 |
---------------+-------------+-----
Dodging        | 2 |  2.3
Stealth        | 2 |  2.0
Conjurations   | 5 |  5.1
Maces & Flails | 1 |  1.0
Fighting       | |  0.3
Staves         | |  0.1
Spellcasting   | |  2.4

Action                     |  1- 3 |  4- 6 || total
---------------------------+-------+-------++-------
  Melee: Unarmed           |    24 |       ||    24
         Tailslap          |     8 |       ||     8
         Punch             |     1 |       ||     1
         Mace              |    28 |       ||    28
         Dagger            |     8 |       ||     8
         Lajatang          |     8 |    14 ||    22
   Cast: Magic Dart        |    10 |       ||    10
         Searing Ray       |    22 |     1 ||    23
   Stab: Sleeping          |     2 |       ||     2
 Armour: Skin              |    40 |    15 ||    55
  Dodge: Dodged            |    78 |    21 ||    99
